 Dungeon Crawl Stone Soup version 0.21.1-1-g345015f (webtiles) character file.

31 inc the Conjurer (level 3, 21/21 HPs)
             Began as an Octopode Conjurer on June 12, 2018.
             Quit the game on level 2 of the Dungeon.
             The game lasted 00:02:07 (1952 turns).

inc the Conjurer (Octopode Conjurer)                Turns: 1952, Time: 00:02:08

Health: 21/21      AC:  1    Str:  7    XL:     3   Next: 22%
Magic:  0/7        EV: 12    Int: 18    God:
Gold:   125        SH:  3    Dex: 12    Spells: 5/8 levels left

rFire    . . .     SeeInvis .   g - +0 short sword
rCold    . . .     Gourm    .   n - +0 buckler
rNeg     . . .     Faith    .   (helmet restricted)
rPois    .         Spirit   .   (no amulet)
rElec    .         Reflect  .   (no ring)
rCorr    .         Harm     .   (no ring)
MR       .....                  (no ring)
Stlth    +++.......             (no ring)
HPRegen  0.07/turn              (no ring)
MPRegen  0.10/turn              (no ring)
                                (no ring)
                                (no ring)

@: heavily drained
A: almost no armour, stealthy swim, amphibious, 8 rings, constrict 8, camouflage
1, gelatinous body 1
a: no special abilities


You were on level 2 of the Dungeon.
You were not hungry.

You visited 1 branch of the dungeon, and saw 2 of its levels.

You collected 125 gold pieces.

Inventory:

Hand Weapons
 g - a +0 short sword (weapon)
Armour
 n - a +0 buckler (worn)
Scrolls
 f - 2 scrolls of remove curse {unknown}
 h - a scroll of magic mapping {unknown}
 l - a scroll of identify {unknown}
 o - a scroll of random uselessness {unknown}
 p - 2 scrolls of enchant weapon {unknown}
Potions
 c - a potion of berserk rage {unknown}
 d - 2 potions of haste {unknown}
 e - a potion of heal wounds
 i - a potion of brilliance {unknown}
 j - a potion of flight {unknown}
 k - a potion of resistance {unknown}
 m - a potion of curing {unknown}
Books
 a - a book of Conjurations

   Spells                             Type                      Level
   a - Magic Dart                     Conjuration                  1
   b - Searing Ray                    Conjuration                  2
   c - Dazzling Spray                 Conjuration/Hexes            3
   d - Fulminant Prism                Conjuration/Hexes            4
   e - Force Lance                    Conjuration/Translocation    4
   f - Iskenderun's Mystic Blast      Conjuration                  4
Comestibles
 b - 4 rations


   Skills:
 - Level 2.0(0.8) Dodging
 - Level 2.6(1.5) Stealth
 + Level 0.7(0.0) Shields
 + Level 3.2(2.0) Spellcasting
 - Level 4.0(2.7) Conjurations


You had 5 spell levels left.
You knew the following spells:

 Your Spells              Type           Power        Failure   Level  Hunger
a - Magic Dart            Conj           ##..         10%         1    #......
b - Searing Ray           Conj           ##....       14%         2    ###....


Dungeon Overview and Level Annotations

Branches:
Dungeon (2/15)

Altars:

Annotations:
D:2 1 runed door


Innate Abilities, Weirdness & Mutations

You cannot wear most types of armour.
You are very stealthy in the water. (Stealth+)
You are amphibious.
You can wear up to eight rings at the same time.
You can use your tentacles to constrict eight enemies at once.
Your skin changes colour to match your surroundings (Stealth+).
Your rubbery body absorbs attacks. (AC +1, EV +1)


Message History

Press: ? - help, Shift-Dir - straight line, f/p - ooze
Aim: an ooze (lightly wounded)
The magic dart hits the ooze.
The ooze is moderately wounded.
Casting: Magic Dart
Confirm with . or Enter, or press ? or * to list all spells.
You don't have enough magic to cast that spell.
Unknown command.
Casting: Magic Dart
Confirm with . or Enter, or press ? or * to list all spells.
You don't have enough magic to cast that spell.
Unknown command.
Casting: Magic Dart
Confirm with . or Enter, or press ? or * to list all spells.
You don't have enough magic to cast that spell.
Unknown command.
The ooze jiggles.
There is an open door here.
An ooze is nearby!
Are you sure you want to abandon this character and quit the game? (Confirm with "yes".)

###
#...........'.#
#...........#.####
#.###########.....
#.# #..).. #.#
#..... #.# ##....
#.# ##### #.# #@#
#.# # #.# .. #.#
### ...#####'##
+.## ........J.#
##.. #.........#
### #......)..# #
#.........#


You could see an ooze.

Vanquished Creatures
  An ooze (D:2)
  A leopard gecko (D:1)
  A ball python (D:1)
  4 bats
  A giant cockroach (D:1)
  3 hobgoblins
  2 quokkas (D:2)
  A frilled lizard (D:1)
  3 goblins
  4 kobolds
  3 rats
  A fungus (D:2)
25 creatures vanquished.

Notes
Turn   | Place    | Note
-------+----------+-------------------------------------------
     0 | D:1      | inc the Octopode Conjurer began the quest for the Orb.
     0 | D:1      | Reached XP level 1. HP: 11/11 MP: 3/3
   685 | D:1      | Reached XP level 2. HP: 17/17 MP: 1/5
  1299 | D:2      | Learned a level 2 spell: Searing Ray
  1309 | D:2      | Reached XP level 3. HP: 21/21 MP: 0/7
  1548 | D:2      | Noticed Terence
  1710 | D:2      | Found a runed door.
  1952 | D:2      | Quit the game

Skill      XL: |  1  2 |
---------------+-------+-----
Spellcasting   | 3 |  3.2
Dodging        | |  2.0
Stealth        | |  2.6
Shields        | |  0.7
Conjurations   | |  4.0

Action                   || total
-------------------------++-------
Melee: Short sword       ||    29
       Constrict         ||     7
       Tentacles         ||     1
 Cast: Magic Dart        ||    50
       Searing Ray       ||     1
 Stab: Sleeping          ||     1
  Eat: Chunk             ||     3
Armor: Skin              ||     2
Dodge: Dodged            ||    11
Block: Buckler           ||     2
